 Dungeon Crawl Stone Soup version 0.27-a0-1065-ge809cff456 (webtiles) character file.

Game seed: 13323778792010217934

270 rageheart7 the Skirmisher (level 6, -2/51 HPs)
             Began as a Demonspawn Monk on Apr 23, 2021.
             Slain by Sigmund
             ... wielding a +0 scythe
              (19 damage)
             ... on level 4 of the Dungeon.
             The game lasted 00:04:59 (2672 turns).

rageheart7 the Skirmisher (Demonspawn Monk)         Turns: 2672, Time: 00:05:00

Health: -2/51      AC:  7    Str: 19    XL:     6   Next: 1%
Magic:  6/6        EV: 12    Int: 12    God:
Gold:   157        SH:  4    Dex: 19    Spells: 5/5 levels left

rFire    . . .     SeeInvis .   l - +0 rapier
rCold    . . .     Faith    .   (no shield)
rNeg     . . .     Spirit   .   d - +0 ring mail
rPois    +         Reflect  .   k - +1 helmet
rElec    .         Harm     .   b - scarf {shadows}
rCorr    .         Rampage  .   (no gloves)
Will     .....                  (no boots)
Stlth    ++++......             (no amulet)
HPRegen  0.17/turn              h - ring of poison resistance
MPRegen  0.10/turn              n - +6 ring of strength

@: mighty, very slightly contaminated, invisible
A: talons 1, thin skeletal structure 2, condensation shield
a: no special abilities


You were on level 4 of the Dungeon.
You visited 1 branch of the dungeon, and saw 4 of its levels.

You collected 157 gold pieces.

Inventory:

Hand Weapons
 a - a +0 falchion
 l - a +0 rapier (weapon)
Armour
 b - a scarf of shadows (worn)
 d - a +0 ring mail (worn)
 i - a +0 cloak
 k - a +1 helmet (worn)
Jewellery
 h - a ring of poison resistance (left hand)
 n - a +6 ring of strength (right hand)
Scrolls
 c - 5 scrolls of identify
 e - a scroll of teleportation
 f - a scroll of enchant armour
 g - 2 scrolls of amnesia
 o - a scroll of immolation {unknown}
Potions
 j - a potion of berserk rage


   Skills:
 * Level 5.2 Fighting
 * Level 4.7 Long Blades
 - Level 2.6 Dodging
 - Level 1.7 Stealth


You had 5 spell levels left.
You didn't know any spells.
Your spell library contained the following spells:

 Spells                   Type           Power      Damage    Failure   Level
 Sting                    Tmut/Pois      0%         1d3       50%         1
 Summon Small Mammal      Summ           0%         N/A       50%         1
 Call Imp                 Summ           0%         N/A       65%         2
 Poisonous Vapours        Pois/Air       0%         N/A       65%         2
 Call Canine Familiar     Summ           0%         N/A       86%         3
 Confusing Touch          Hex            0%         N/A       86%         3
 Gell's Gravitas          Tloc           0%         N/A       86%         3
 Ignite Poison            Fire/Tmut/Pois 0%         N/A       86%         3
 Mephitic Cloud           Conj/Pois/Air  0%         N/A       86%         3
 Summon Guardian Golem    Hex/Summ       0%         N/A       86%         3
 Olgreb's Toxic Radiance  Pois           0%         N/A       99%         4
 Petrify                  Tmut/Erth      0%         N/A       99%         4
 Summon Ice Beast         Ice/Summ       0%         N/A       99%         4
 Summon Lightning Spire   Summ/Air       0%         N/A       99%         4
 Metabolic Englaciation   Hex/Ice        0%         N/A       100%        5
 Yara's Violent Unravell  Hex/Tmut       0%         3d3       100%        5


Dungeon Overview and Level Annotations

Branches:
Dungeon (4/15)
 Temple: D:4-7

Altars:
Elyvilon

Shops:
D:3 =:

Annotations:
D:4 Sigmund


Innate Abilities, Weirdness & Mutations

You have sharp toenails.
You have a moderately thin skeletal structure. (Dex +4, Stealth++)
A meltable shield of frost defends you. (SH +4)


Message History

You barely miss the orc. You claw the orc.
The orc is moderately wounded.
The orc misses you.
You barely miss the orc.
The orc is moderately wounded.
You completely miss the orc. You claw the orc.
You kill the orc!
You hit the orc.
The orc is moderately wounded.
Something hits you.
The orc shouts!
You hit the orc. You claw the orc.
You kill the orc!
You hit the orc.
The orc is severely wounded.
The orc barely misses you. x2
You feel very mighty all of a sudden. Something hits you but does no damage.
You block the orc's attack.
You closely miss the orc.
The orc is severely wounded.
You hear some strange, mumbled words.
A puff of flame appears from out of thin air!
The puff of flame hits the orc.
The orc dies!
You puncture the orc priest! Your kick misses the orc priest.
The orc priest is almost dead.
The orc priest calls down the wrath of Beogh upon you.
Beogh smites you!
You hit the orc priest.
You kill the orc priest!
You hear some strange, mumbled words.
Something tries to affect you, but you resist.
You have reached level 6!
Your experience leads to an increase in your attributes!
Your base attributes are Str 12, Int 12, Dex 19.
Increase (S)trength, (I)ntelligence, or (D)exterity?
You feel stronger.
Items here: )))) [[[ ††.
You closely miss something. Something hits you!!
You die...

##.##...#$._..+
##.##...#...#..$$.#
#....o....>.#....$#
##..#..#....####### . #.
#..#.......$....#
#..........#.....
..........## .?..
...##.##..###.(...
...........@...##..
....#....###.......
.(......###.....#
...........#....#
...#....................#
...#..........##.........
.............##..........
......#..(.###....(......
......#.#...#..#.........


There were no monsters in sight!

Vanquished Creatures
  An ogre (D:4)
  A kobold brigand (D:4)
  An orc priest (D:4)
  An adder (D:2)
  4 dart slugs
  3 orcs
  4 bats
  2 endoplasms
  4 giant cockroaches
  4 goblins
  7 hobgoblins
  12 jackals
  7 kobolds
  3 quokkas
  2 ball pythons
  5 frilled lizards
  3 rats
64 creatures vanquished.

Vanquished Creatures (others)
  An orc (D:4)
1 creature vanquished.

Grand Total: 65 creatures vanquished

Notes
Turn   | Place    | Note
-------+----------+-------------------------------------------
     0 | D:1      | rageheart7 the Demonspawn Monk began the quest for the Orb.
     0 | D:1      | Reached XP level 1. HP: 18/18 MP: 1/1
   316 | D:1      | Gained mutation: You have sharp toenails. [demonic
                  | ancestry]
   316 | D:1      | Reached XP level 2. HP: 22/24 MP: 2/2
  1005 | D:2      | Gained mutation: You have a somewhat thin skeletal
                  | structure. (Dex +2, Stealth+) [demonic ancestry]
  1005 | D:2      | Reached XP level 3. HP: 26/30 MP: 3/3
  1978 | D:3      | Found Plog's Jewellery Boutique.
  2016 | D:3      | Reached skill level 4 in Fighting
  2127 | D:3      | Gained mutation: You have a moderately thin skeletal
                  | structure. (Dex +4, Stealth++) [demonic ancestry]
  2127 | D:3      | Reached XP level 4. HP: 37/37 MP: 4/4
  2178 | D:3      | Found Foruf's Book Emporium.
  2405 | D:4      | Noticed a kobold brigand
  2408 | D:4      | Noticed Sigmund
  2414 | D:4      | Killed a kobold brigand
  2415 | D:4      | Gained mutation: A meltable shield of frost defends you.
                  | (SH +4) [demonic ancestry]
  2415 | D:4      | Reached XP level 5. HP: 39/43 MP: 5/5
  2432 | D:4      | Noticed an ogre
  2437 | D:4      | Killed an ogre
  2438 | D:4      | Reached skill level 5 in Fighting
  2671 | D:4      | Reached XP level 6. HP: 17/51 MP: 6/6
  2672 | D:4      | Slain by Sigmund

Illustrated notes

Levels and vault maps discovered:
D:1:      evilmike_arrival_home_sweet_home, layout_rooms, corner_web_ring
D:2:      layout_basic, minmay_door_square, kennysheep_generic_room_8
D:3:      layout_rooms, serial_shops, nicolae_shop_stone,
          nicolae_shop_competitors_out_of_business
D:4:      layout_cave_pools, amcnicky_altar_gilded, uniq_sigmund

Skill      XL: |  1  2  3  4  5 |
---------------+----------------+-----
Long Blades    | 3 4 |  4.7
Fighting       | 4 5 |  5.2
Dodging        | |  2.6
Stealth        | |  1.7

Action                   |  1- 3 |  4- 6 || total
-------------------------+-------+-------++-------
Melee: Falchion          |    93 |       ||    93
       Kick              |    25 |    22 ||    47
       Rapier            |    10 |    48 ||    58
  Use: Scroll            |     5 |       ||     5
       Potion            |       |     2 ||     2
 Stab: Sleeping          |     5 |     4 ||     9
Armor: Robe              |     2 |       ||     2
       Ring mail         |    31 |    14 ||    45
Dodge: Dodged            |    58 |    25 ||    83
Block: Other             |       |     1 ||     1
       Rpst.: Falchion   |    18 |       ||    18

Table legend: (Time is in decaauts)
 A = Elapsed time spent in this place.
 B = Non-inter-level travel time spent in this place.
 C = Inter-level travel time spent in this place.
 D = Time resting spent in this place.
 E = Time spent auto-exploring this place.
 F = Levels seen in this place.
 G = Mean time per level.
                   A        B        C        D        E       F      G
               +--------+--------+--------+--------+--------+-----+--------+
         Total |   2690 |   2576 |    114 |     15 |   2066 |   4 |  672.5 |
       Dungeon |   2690 |   2576 |    114 |     15 |   2066 |   4 |  672.5 |
               +--------+--------+--------+--------+--------+-----+--------+

Top non-repeatable levels by time:
     D:1: 999 daAuts
     D:2: 985 daAuts
     D:3: 546 daAuts
     D:4: 159 daAuts
